 Dungeon Crawl Stone Soup version 0.29.0-10-g45618ea6d2 (webtiles) character file.

Game seed: 13017203260572630360

219 xian the Shooter (level 5, 0/45 HPs)
             Began as a Draconian Hunter on Sept 2, 2022.
             Was an Initiate of Fedhas.
             Slain by an iguana (11 damage)
             ... on level 4 of the Dungeon.
             The game lasted 00:05:27 (3152 turns).

xian the Shooter (Draconian Hunter)                 Turns: 3152, Time: 00:05:28

Health: 0/45       AC:  5    Str: 15    XL:     5   Next: 64%
Magic:  0/5        EV: 12    Int: 16    God:    Fedhas [......]
Gold:   208        SH:  0    Dex: 14    Spells: 4/4 levels left

rFire   . . .      SeeInvis .   a - +0 shortbow
rCold   . . .      Faith    .   (shield currently unavailable)
rNeg    . . .      Spirit   +   (body armour unavailable)
rPois   .          Reflect  .   (helmet restricted)
rElec   .          Harm     .   (no cloak)
rCorr   .          Rampage  .   (no gloves)
Will    .....                   (no boots)
Stlth   ++........              n - amulet of guardian spirit
HPRegen 0.15/turn               s - +6 ring of intelligence
MPRegen 0.09/turn               (no ring)

@: no status effects
A: AC +5, unfitting armour, cold-blooded
a: Renounce Religion


You were on level 4 of the Dungeon.
You worshipped Fedhas.
Fedhas was noncommittal.
You visited 2 branches of the dungeon, and saw 5 of its levels.

You collected 208 gold pieces.

Inventory:

Hand Weapons
 a - a +0 shortbow (weapon)
 e - a +2 whip of electrocution
Missiles
 f - 2 throwing nets
Jewellery
 n - an amulet of guardian spirit (around neck)
 s - a +6 ring of intelligence (left hand)
Wands
 r - a wand of paralysis (11)
 t - a wand of light (5)
Scrolls
 b - 2 scrolls of immolation
 g - 5 scrolls of identify {unknown}
 i - a scroll of amnesia {unknown}
 j - a scroll of acquirement {unknown}
 m - a scroll of fog {unknown}
 o - a scroll of torment {unknown}
Potions
 c - 2 potions of degeneration {unknown}
 d - 2 potions of haste {unknown}
 h - 3 potions of heal wounds
 k - a potion of resistance {unknown}
 l - 2 potions of ambrosia {unknown}
 p - a potion of curing {unknown}
 q - 2 potions of lignification {unknown}


   Skills:
 + Level 3.3 Fighting
 + Level 0.5 Maces & Flails
 + Level 5.5 Ranged Weapons
 + Level 2.3 Dodging
 + Level 1.3 Stealth


You had 4 spell levels left.
You didn't know any spells.
Your spell library contained the following spells:

 Spells                   Type           Power      Damage    Failure   Level
 Sandblast                Erth           0%         2d4       26%         1
 Blink                    Tloc           0%         N/A       36%         2
 Passwall                 Tmut/Erth      0%         N/A       36%         2
 Lesser Beckoning         Tloc           0%         N/A       58%         3
 Stone Arrow              Conj/Erth      0%         3d7       58%         3
 Manifold Assault         Tloc           0%         N/A       100%        5


Dungeon Overview and Level Annotations

Branches:
Dungeon (4/15)             Temple (1/1) D:4

Altars:
Ashenzari
Cheibriados
Elyvilon
Fedhas
Gozag
Hepliaklqana
Makhleb
Nemelex Xobeh
Okawaru
Qazlal
Ru
Sif Muna
Trog
Uskayaw
Vehumet
Wu Jian
Xom
Yredelemnul
Zin
The Shining One


Innate Abilities, Weirdness & Mutations

Your plain brown scales are hard. (AC +5)
You cannot fit into any form of body armour.
You are cold-blooded and may be slowed by cold attacks.


Message History

The iguana closely misses you.
The iguana bites you but does no damage.
The iguana barely misses you. The endoplasm barely misses you.
Unknown command.
Fire: a) +0 shortbow
Press: ? - help, Q - select action, (/) - cycle Shift-Dir - straight line, f/p - iguana
Aim: an iguana (almost dead, 65% to hit)
You shoot an arrow. The arrow closely misses the iguana.
The iguana bites you.
The endoplasm hits you but does no damage.
The iguana closely misses you.
Fire: a) +0 shortbow
Press: ? - help, Q - select action, (/) - cycle Shift-Dir - straight line, f/p - iguana
Aim: an iguana (almost dead, 65% to hit)
You shoot an arrow.
The arrow hits the iguana but does no damage.
The iguana is almost dead.
The endoplasm hits you. The iguana bites you!
* * * LOW HITPOINT WARNING * * *
The iguana hisses menacingly.
The iguana closely misses you.
Fire: a) +0 shortbow
Press: ? - help, Q - select action, (/) - cycle Shift-Dir - straight line, f/p - iguana
Aim: an iguana (almost dead, 65% to hit)
You shoot an arrow. The arrow hits the iguana.
The iguana is almost dead.
The endoplasm hits you but does no damage.
The iguana barely misses you.
The iguana bites you but does no damage.
Fire: a) +0 shortbow
Press: ? - help, Q - select action, (/) - cycle Shift-Dir - straight line, f/p - iguana
Aim: an iguana (almost dead, 65% to hit)
You shoot an arrow. The arrow hits the iguana!
You kill the iguana!
Fedhas appreciates your contribution to the ecosystem.
The endoplasm barely misses you.
The iguana bites you but does no damage.
The iguana bites you!
You die...
Fedhas appreciates your contribution to the ecosystem.

..#.....# .#......# #########
...#...## #.......# .
...#...########.......# ..
.#.#.#...#...##.......# ...
.÷###....#...##.......# ....
.).#...#..............# .....
#.)...#........).†....#......
##†>.#####......@J....').....
#.....#..........l....#......
...#...#..'############ .....
..###.....†....... ....
.#.#.#...........[ >.?
...#.............. ..
...#.............. #
..................
..................


You could see an iguana and an endoplasm.

Vanquished Creatures
  Blork the orc (D:4)
  An orc priest (Temple)
  An iguana (D:4)
  2 orc wizards
  2 adders
  An ufetubus (D:4)
  A worm (D:4)
  3 orcs
  5 ball pythons
  5 bats
  6 endoplasms
  A giant cockroach (D:1)
  7 goblins
  4 hobgoblins
  7 kobolds
  4 quokkas
  4 rats
55 creatures vanquished.

Notes
Turn   | Place    | Note
-------+----------+-------------------------------------------
     0 | D:1      | xian the Draconian Hunter began the quest for the Orb.
     0 | D:1      | Reached XP level 1. HP: 17/17 MP: 1/1
   190 | D:1      | Reached skill level 4 in Ranged Weapons
   190 | D:1      | Reached XP level 2. HP: 24/24 MP: 2/2
   653 | D:1      | Reached skill level 1 in Stealth
   984 | D:2      | Found a shimmering blue altar of Sif Muna.
  1088 | D:2      | Reached XP level 3. HP: 30/30 MP: 3/3
  2106 | D:4      | Noticed Blork the orc
  2372 | D:4      | Reached XP level 4. HP: 28/37 MP: 4/4
  2459 | D:4      | Found a staircase to the Ecumenical Temple.
  2476 | Temple   | Entered the Ecumenical Temple
  2559 | Temple   | Became a worshipper of Fedhas Madash
  2609 | D:4      | HP: 1/37 [orc priest/nerve-wracking pain (3)]
  2917 | Temple   | Reached skill level 5 in Ranged Weapons
  2931 | D:4      | Reached XP level 5. HP: 28/45 MP: 1/5
  3001 | D:4      | Killed Blork the orc
  3152 | D:4      | Slain by an iguana

Illustrated notes

Levels and vault maps discovered:
D:1:      minmay_arrival_stair_chambers, layout_loops_ring
D:2:      layout_rooms, basic_altar
D:3:      layout_basic, chequers_serial_rivers_micro_a, minmay_bisected
D:4:      layout_gridville, minmay_temple_entry_arrows, gammafunk_ghost_smash,
          uniq_blork_the_orc
Temple:   regret_index_temple_sigil_plot

Skill      XL: |  1  2  3  4 |
---------------+-------------+-----
Ranged Weapons | 4 5 |  5.5
Stealth        | 1 |  1.3
Dodging        | 2 |  2.3
Fighting       | 3 |  3.3
Maces & Flails | |  0.5

Action                   |  1- 3 |  4- 6 || total
-------------------------+-------+-------++-------
Melee: Whip              |       |    18 ||    18
       Tailslap          |       |     2 ||     2
 Fire: Shortbow          |   112 |    52 ||   164
  Use: Potion            |       |     1 ||     1
Armor: Skin              |    21 |    28 ||    49
Dodge: Dodged            |    53 |    32 ||    85
